 Dungeon Crawl Stone Soup version 0.30-a0-808-g6e0788376e (webtiles) character file.

Game seed: 634554505389512745

34 jimonade the Trooper (level 3, 0/37 HPs)
             Began as an Ogre Warper on Feb 25, 2023.
             Succumbed to an adder's poison
             ... on level 1 of the Dungeon.
             The game lasted 00:01:50 (971 turns).

jimonade the Trooper (Ogre Warper)                   Turns: 971, Time: 00:01:50

Health: 0/37       AC:  3    Str: 15    XL:     3   Next: 31%
Magic:  6/6        EV: 10    Int: 14    God:
Gold:   58         SH:  0    Dex: 10    Spells: 6/6 levels left

rFire   . . .      SeeInvis .    a - +0 mace
rCold   . . .      Faith    .    (no shield)
rNeg    . . .      Spirit   .    b - +0 robe
rPois   .          Reflect  .    (helmet restricted)
rElec   .          Harm     .    (no cloak)
rCorr   .          Rampage  .    (gloves unavailable)
Will    .....                    (boots unavailable)
Stlth   +                        (no amulet)
HPRegen 0.26/turn                (no ring)
MPRegen 0.10/turn                (no ring)

@: lethally poisoned (0 -> -1)
A: large, unfitting armour, tough skin 1
a: no special abilities


You were on level 1 of the Dungeon.
You visited 1 branch of the dungeon, and saw 2 of its levels.

You collected 58 gold pieces.

Inventory:

Hand Weapons
 a - a +0 mace (weapon)
Missiles
 d - 7 boomerangs of dispersal (quivered)
 f - 6 stones
Armour
 b - a +0 robe (worn)
Scrolls
 c - a scroll of blinking
 g - a scroll of enchant armour {unknown}
Potions
 e - a potion of magic {unknown}
 h - a potion of heal wounds {unknown}
 i - 2 potions of curing {unknown}
 j - a potion of flight {unknown}
 k - a potion of haste {unknown}


   Skills:
 + Level 3.6 Fighting
 + Level 2.3 Maces & Flails
 + Level 1.0 Throwing
 + Level 2.2 Dodging
 + Level 2.4 Spellcasting
 + Level 3.0 Translocations


You had 6 spell levels left.
You didn't know any spells.
Your spell library contained the following spells:

 Spells                   Type           Power      Damage    Failure   Level
 Blink                    Tloc           20%        N/A       10%         2
 Lesser Beckoning         Tloc           20%        N/A       10%         2
 Teleport Other           Tloc           10%        N/A       19%         3
 Vhi's Electric Charge    Tloc/Air       12%        N/A       36%         3
 Manifold Assault         Tloc           10%        N/A       54%         4


Dungeon Overview and Level Annotations

Branches:
Dungeon (2/15)

Altars:


Innate Abilities, Weirdness & Mutations

You are too large for most types of armour.
You have tough skin. (AC +1)


Message History

You hit the quokka but do no damage.
The quokka bites you but does no damage.
The adder closely misses you. The quokka closely misses you.
You barely miss the quokka. The adder bites you. The quokka barely misses you.
The adder closely misses you.
You hit the quokka.
The quokka is almost dead.
The quokka bites you. The adder bites you. The quokka barely misses you.
The adder bites you.
You closely miss the adder. The adder closely misses you.
You miss the adder. The quokka closely misses you.
The adder closely misses you.
The quokka bites you but does no damage.
The quokka bites you. The adder bites you but does no damage.
The quokka closely misses you.
You hit the adder.
The adder is lightly wounded.
The adder closely misses you. The quokka bites you.
The quokka twitches its whiskers.
The quokka bites you. The adder bites you.
You are poisoned.
The adder poisons you! The quokka bites you.
You hit the quokka.
You kill the quokka!
You feel sick. The adder barely misses you. The quokka bites you.
A quokka comes into view.
You feel sick. The quokka bites you.
* * * LOW HITPOINT WARNING * * *
The adder bites you.
* * * LOW HITPOINT WARNING * * *
You see here a +0 dagger.
The quokka attacks as you move away!
The quokka bites you but does no damage.
* * * LOW HITPOINT WARNING * * *
You feel sick.
There is a stone staircase leading up here.
* * * LOW HITPOINT WARNING * * *
You feel sick. The quokka closely misses you. The quokka barely misses you.
You climb upwards.
You die...

.##.# #.......#.# ###.#
#.[######.# ###.# #..#
#.# .##.# #..# #.#
.##.##########..# #.#
.##.............######.#
.......................#
###..###########r#######
#....# #@# #.##.# #.#
###....###### ##.##
#...........###...#####
#.###..####.##........#
..# #..## #.##....###.#
### #...# #.##.#.## #.#
#)#.# #.##.#.# ##.##
#.#.# #.##.#.###...####
###


You could see a quokka.

Vanquished Creatures
  A worm (D:1)
  2 ball pythons (D:1)
  A bat (D:1)
  3 endoplasms (D:1)
  7 goblins
  3 hobgoblins (D:1)
  2 quokkas
  4 frilled lizards (D:1)
  A kobold (D:1)
  3 rats (D:1)
27 creatures vanquished.

Notes
Turn   | Place    | Note
-------+----------+-------------------------------------------
     0 | D:1      | jimonade the Ogre Warper began the quest for the Orb.
     0 | D:1      | Reached XP level 1. HP: 22/22 MP: 3/3
    93 | D:1      | Reached XP level 2. HP: 31/31 MP: 5/5
   163 | D:1      | Found a faded altar of an unknown god.
   378 | D:1      | Reached XP level 3. HP: 34/37 MP: 6/6
   971 | D:1      | Succumbed to an adder's poison

Illustrated notes

Levels and vault maps discovered:
D:1:      dpeg_arrival_rooms_b, layout_loops_ring,
          shapermc_ecumenical_altar_notcrosses
D:2:      layout_rooms, uniq_sigmund

Skill      XL: |  1  2 |
---------------+-------+-----
Fighting       | 3 |  3.6
Maces & Flails | 2 |  2.3
Translocations | 3 |  3.0
Throwing       | |  1.0
Dodging        | |  2.2
Spellcasting   | |  2.4

Action                     || total
---------------------------++-------
  Melee: Mace              ||    86
         Punch             ||     2
 Armour: Robe              ||    22
  Dodge: Dodged            ||    45

Table legend: (Time is in decaauts)
 A = Elapsed time spent in this place.
 B = Non-inter-level travel time spent in this place.
 C = Inter-level travel time spent in this place.
 D = Time resting spent in this place.
 E = Time spent auto-exploring this place.
 F = Levels seen in this place.
 G = Mean time per level.
                   A        B        C        D        E       F      G
               +--------+--------+--------+--------+--------+-----+--------+
         Total |    997 |    971 |     26 |    166 |    507 |   2 |  498.5 |
       Dungeon |    997 |    971 |     26 |    166 |    507 |   2 |  498.5 |
               +--------+--------+--------+--------+--------+-----+--------+

Top non-repeatable levels by time:
     D:1: 974 daAuts
     D:2: 23 daAuts
